[ AOE2 MATCH · #463535502 ]
UnrankedPersians vs Goths
[ REPLAY ANALYSIS · EXTRACTED FROM THE RECORDED GAME ]
Feudal
—
Castle
—
Imperial
—
| APM avg | 27.7 |
| APM peak | 152 |
| eAPM avg | 26.3 |
| Villagers / military | 136 / 821 |
Focus
⚔️ 22.5% · 🌾 77.5%
War Elephant ×165 · Camel Scout ×135 · Knight ×110 · Trade Cart ×93 · Militia ×70 · Cavalry Archer ×70
Feudal
—
Castle
—
Imperial
—
| APM avg | 30.0 |
| APM peak | 133 |
| eAPM avg | 26.6 |
| Villagers / military | 126 / 923 |
Focus
⚔️ 17.2% · 🌾 82.8%
Knight ×453 · Skirmisher ×159 · Cataphract ×142 · Militia ×79 · Trade Cart ×72 · Camel Scout ×60
Feudal
—
Castle
—
Imperial
—
| APM avg | 12.9 |
| APM peak | 51 |
| eAPM avg | 8.3 |
| Villagers / military | 140 / 564 |
Focus
⚔️ 31.6% · 🌾 68.4%
War Elephant ×349 · Bombard Cannon ×93 · Mangonel ×66 · Scorpion ×55 · Trade Cart ×52 · Monk ×1
Feudal
6:48
Castle
14:35
Imperial
29:38
| APM avg | 25.6 |
| APM peak | 67 |
| eAPM avg | 14.9 |
| Villagers / military | 111 / 700 |
Focus
⚔️ 42.3% · 🌾 57.7%
Mangudai ×235 · Scout Cavalry ×230 · Mangonel ×102 · Battering Ram ×87 · Trade Cart ×41 · Camel Scout ×25
Feudal
5:29
Castle
17:57
Imperial
34:10
| APM avg | 12.5 |
| APM peak | 50 |
| eAPM avg | 11.0 |
| Villagers / military | 47 / 614 |
Focus
⚔️ 75.2% · 🌾 24.8%
Spearman ×158 · Cavalry Archer ×114 · Militia ×101 · Knight ×84 · Scout Cavalry ×60 · Konnik ×39
Feudal
8:18
Castle
13:34
Imperial
33:26
| APM avg | 15.9 |
| APM peak | 53 |
| eAPM avg | 13.2 |
| Villagers / military | 144 / 2102 |
Focus
⚔️ 56.2% · 🌾 43.8%
Spearman ×1209 · Huskarl ×750 · Cavalry Archer ×60 · Trade Cart ×49 · Mangonel ×33 · Monk ×24
Match map
Initial resources + every placement click. Lines = walls · curves = elevation contours. ◆ gold · ⬟ stone · ● berries · ✦ relic · ◌ wall gap
Your base· ✓ Map-separated
Nanobeast9523's base· ✓ Map-separated
Sonjano007's base· ✓ Map-separated
White666's base· ✓ Map-separated
KING BERTZNASH's base· ✓ Map-separated
Altarios's base· ✓ Map-separated
Smoothed initial terrain · ◌ = detected wall gap · hover for details
Inputs per minute
— z-xX-Future-Xx-z - - Nanobeast9523
Build order — z-xX-Future-Xx-z
First 150 of 812 actions detected
| 0:55 | Build | House |
| 0:57 | Build | House |
| 0:59 | Build | House |
| 1:09 | Build | Mining Camp |
| 1:13 | Build | Mining Camp |
| 3:26 | Build | Mill |
| 3:51 | Build | Mining Camp |
| 4:19 | Create | Villager (Male) ×5 |
| 4:19 | Create | Villager (Male) ×5 |
| 4:22 | Research | Loom |
| 4:33 | Build | Lumber Camp |
| 4:43 | Research | Feudal Age |
| 5:07 | Build | Barracks |
| 8:31 | Create | Villager (Male) ×5 |
| 8:53 | Build | Mill |
| 9:59 | Build | Mining Camp |
| 10:52 | Build | Market |
| 10:55 | Build | Market |
| 10:57 | Build | Market |
| 10:59 | Build | Market |
| 11:08 | Build | Farm |
| 11:16 | Build | Farm |
| 11:16 | Build | Farm |
| 11:16 | Build | Farm |
| 11:16 | Build | Farm |
| 11:16 | Build | Farm |
| 11:16 | Build | Farm |
| 11:16 | Build | Farm |
| 11:16 | Build | Farm |
| 11:16 | Build | Farm |
| 11:20 | Build | Farm |
| 11:20 | Build | Farm |
| 11:20 | Build | Farm |
| 11:20 | Build | Farm |
| 11:20 | Build | Farm |
| 11:20 | Build | Farm |
| 11:30 | Research | Double-Bit Axe |
| 11:54 | Research | Horse Collar |
| 12:16 | Build | Farm |
| 12:26 | Build | Farm |
| 12:26 | Build | Farm |
| 12:26 | Build | Farm |
| 12:26 | Build | Farm |
| 12:26 | Build | Farm |
| 12:26 | Build | Farm |
| 12:26 | Build | Farm |
| 12:36 | Research | Wheelbarrow |
| 12:37 | Create | Villager (Male) ×5 |
| 12:40 | Create | Villager (Male) ×3 |
| 12:58 | Build | Farm |
| 13:02 | Build | Farm |
| 13:02 | Build | Farm |
| 13:02 | Build | Farm |
| 13:02 | Build | Farm |
| 13:02 | Build | Farm |
| 13:02 | Build | Farm |
| 13:02 | Build | Farm |
| 13:02 | Build | Farm |
| 13:02 | Build | Farm |
| 13:16 | Build | Farm |
| 13:16 | Build | Farm |
| 13:16 | Build | Farm |
| 13:56 | Build | House |
| 13:59 | Build | House |
| 14:01 | Build | House |
| 14:03 | Build | House |
| 14:04 | Build | House |
| 14:06 | Build | House |
| 14:09 | Build | House |
| 14:10 | Build | Farm |
| 14:10 | Build | Farm |
| 14:10 | Build | Farm |
| 14:10 | Build | Farm |
| 14:11 | Build | House |
| 14:14 | Build | House |
| 14:16 | Build | House |
| 14:32 | Build | Farm |
| 14:33 | Build | Farm |
| 14:33 | Build | Farm |
| 14:33 | Build | Farm |
| 14:33 | Build | Farm |
| 14:33 | Build | Farm |
| 14:33 | Build | Farm |
| 14:34 | Build | Farm |
| 14:34 | Build | Farm |
| 14:34 | Build | Farm |
| 14:55 | Build | Farm |
| 15:33 | Build | Archery Range |
| 15:38 | Build | Farm |
| 15:38 | Build | Farm |
| 15:38 | Build | Farm |
| 15:38 | Build | Farm |
| 15:38 | Build | Farm |
| 15:38 | Build | Farm |
| 15:38 | Build | Farm |
| 15:38 | Build | Farm |
| 15:38 | Build | Farm |
| 15:52 | Create | Villager (Male) ×5 |
| 15:54 | Research | Town Watch |
| 15:57 | Create | Villager (Male) ×5 |
| 16:29 | Build | Blacksmith |
| 16:49 | Build | Farm |
| 16:55 | Build | Stable |
| 18:23 | Research | Castle Age |
| 18:32 | Build | Farm |
| 18:32 | Build | Farm |
| 18:32 | Build | Farm |
| 18:32 | Build | Farm |
| 18:32 | Build | Farm |
| 18:43 | Build | Farm |
| 19:06 | Build | Mining Camp |
| 20:14 | Research | Gold Mining |
| 20:15 | Research | Stone Mining |
| 21:03 | Create | Trade Cart ×5 |
| 21:04 | Create | Trade Cart ×4 |
| 21:14 | Create | Villager (Male) ×5 |
| 21:14 | Create | Villager (Male) ×5 |
| 21:42 | Build | Stone Wall |
| 21:53 | Build | Stone Wall |
| 21:57 | Build | Stone Wall |
| 22:18 | Build | Lumber Camp |
| 22:47 | Build | House |
| 22:49 | Build | House |
| 22:51 | Build | House |
| 22:54 | Build | House |
| 22:55 | Build | House |
| 22:57 | Build | House |
| 22:58 | Build | House |
| 23:01 | Build | House |
| 23:03 | Build | House |
| 23:06 | Build | House |
| 23:27 | Research | Hand Cart |
| 23:45 | Research | Heavy Plow |
| 23:54 | Research | Bow Saw |
| 24:17 | Research | Gold Shaft Mining |
| 24:24 | Research | Stone Shaft Mining |
| 24:52 | Build | Farm |
| 24:58 | Build | Farm |
| 24:58 | Build | Farm |
| 24:58 | Build | Farm |
| 24:58 | Build | Farm |
| 24:58 | Build | Farm |
| 24:58 | Build | Farm |
| 24:59 | Build | Farm |
| 24:59 | Build | Farm |
| 25:06 | Build | Castle |
| 25:35 | Build | Farm |
| 25:57 | Build | Farm |
| 26:19 | Build | Farm |
| 26:20 | Build | Town Center |
Build order — Nanobeast9523
First 150 of 1054 actions detected
| 0:11 | Create | Villager (Male) |
| 0:11 | Create | Villager (Male) |
| 0:11 | Create | Villager (Male) |
| 0:13 | Create | Villager (Male) |
| 0:14 | Research | Loom |
| 1:24 | Build | Mill |
| 1:47 | Build | Lumber Camp |
| 2:42 | Research | Feudal Age |
| 4:56 | Research | Wheelbarrow |
| 4:59 | Create | Villager (Male) |
| 4:59 | Create | Villager (Male) |
| 4:59 | Create | Villager (Male) |
| 5:06 | Research | Double-Bit Axe |
| 5:45 | Build | Mining Camp |
| 5:53 | Create | Villager (Male) |
| 5:53 | Create | Villager (Male) |
| 6:47 | Build | House |
| 6:49 | Build | House |
| 6:51 | Build | House |
| 6:52 | Build | House |
| 6:54 | Build | House |
| 8:24 | Build | Mining Camp |
| 9:59 | Build | Market |
| 10:03 | Build | Market |
| 10:05 | Build | Market |
| 10:15 | Create | Villager (Male) |
| 10:15 | Create | Villager (Male) |
| 10:15 | Create | Villager (Male) |
| 10:15 | Create | Villager (Male) |
| 10:16 | Create | Villager (Male) |
| 10:16 | Create | Villager (Male) |
| 10:18 | Create | Villager (Male) |
| 10:18 | Create | Villager (Male) |
| 10:18 | Create | Villager (Male) |
| 10:19 | Create | Villager (Male) |
| 10:30 | Research | Gold Mining |
| 10:36 | Research | Stone Mining |
| 12:31 | Build | Outpost |
| 12:40 | Build | Outpost |
| 12:41 | Build | Farm |
| 12:45 | Build | Farm |
| 12:51 | Build | Farm |
| 12:51 | Build | Farm |
| 12:51 | Build | Farm |
| 12:51 | Build | Farm |
| 12:57 | Build | Farm |
| 12:57 | Build | Farm |
| 12:57 | Build | Farm |
| 13:00 | Build | Farm |
| 13:00 | Build | Farm |
| 13:00 | Build | Farm |
| 13:00 | Build | Farm |
| 13:00 | Build | Farm |
| 13:00 | Build | Farm |
| 13:00 | Build | Farm |
| 13:01 | Build | Farm |
| 13:01 | Build | Farm |
| 13:01 | Build | Farm |
| 13:01 | Build | Farm |
| 13:01 | Build | Farm |
| 13:01 | Build | Farm |
| 13:02 | Build | Farm |
| 13:02 | Build | Farm |
| 13:04 | Build | Farm |
| 13:04 | Build | Farm |
| 13:04 | Build | Farm |
| 13:04 | Build | Farm |
| 13:04 | Build | Farm |
| 13:04 | Build | Farm |
| 13:05 | Build | Farm |
| 13:05 | Build | Farm |
| 13:06 | Build | Farm |
| 13:06 | Build | Farm |
| 13:06 | Build | Farm |
| 13:06 | Build | Farm |
| 13:06 | Build | Farm |
| 13:06 | Build | Farm |
| 13:08 | Build | Farm |
| 13:08 | Build | Farm |
| 13:08 | Build | Farm |
| 13:08 | Build | Farm |
| 13:08 | Build | Farm |
| 13:10 | Build | Farm |
| 13:10 | Build | Farm |
| 13:10 | Build | Farm |
| 13:10 | Build | Farm |
| 13:10 | Build | Farm |
| 13:10 | Build | Farm |
| 13:10 | Build | Farm |
| 13:10 | Build | Farm |
| 13:10 | Build | Farm |
| 13:10 | Build | Farm |
| 13:10 | Build | Farm |
| 13:10 | Build | Farm |
| 13:10 | Build | Farm |
| 13:31 | Build | Farm |
| 13:31 | Build | Farm |
| 13:31 | Build | Farm |
| 13:31 | Build | Farm |
| 13:31 | Build | Farm |
| 13:31 | Build | Farm |
| 13:31 | Build | Farm |
| 13:31 | Build | Farm |
| 13:34 | Build | Outpost |
| 13:42 | Build | Outpost |
| 14:11 | Build | Farm |
| 14:14 | Build | Outpost |
| 14:25 | Build | Outpost |
| 15:12 | Build | Outpost |
| 15:25 | Create | Villager (Male) |
| 15:25 | Create | Villager (Male) |
| 15:26 | Create | Villager (Male) |
| 15:26 | Create | Villager (Male) |
| 15:27 | Create | Villager (Male) |
| 15:37 | Build | Blacksmith |
| 15:52 | Build | Outpost |
| 16:03 | Build | Outpost |
| 16:29 | Research | Castle Age |
| 16:39 | Build | Outpost |
| 16:56 | Build | Outpost |
| 17:05 | Build | Farm |
| 17:18 | Build | Outpost |
| 17:33 | Build | Outpost |
| 17:50 | Build | Mining Camp |
| 18:09 | Build | Outpost |
| 18:22 | Build | Outpost |
| 18:34 | Research | Horse Collar |
| 18:54 | Build | Farm |
| 18:54 | Build | Farm |
| 18:54 | Build | Farm |
| 18:54 | Build | Farm |
| 18:54 | Build | Farm |
| 18:57 | Build | Outpost |
| 19:10 | Build | Outpost |
| 19:38 | Build | Outpost |
| 20:02 | Build | Outpost |
| 20:15 | Research | Hand Cart |
| 20:19 | Create | Villager (Male) ×14 |
| 20:19 | Create | Villager (Male) |
| 20:25 | Research | Heavy Plow |
| 20:29 | Research | Bow Saw |
| 20:37 | Build | Lumber Camp |
| 20:46 | Build | Town Center |
| 21:08 | Build | Farm |
| 21:13 | Build | Farm |
| 21:17 | Build | Farm |
| 21:28 | Build | Town Center |
| 21:41 | Research | Gold Shaft Mining |
| 21:50 | Research | Stone Shaft Mining |
| 22:25 | Build | Farm |
Build order — Sonjano007
First 150 of 482 actions detected
| 0:28 | Build | House |
| 0:30 | Build | House |
| 1:06 | Create | Villager (Male) |
| 1:06 | Create | Villager (Male) |
| 1:07 | Create | Villager (Male) |
| 1:07 | Create | Villager (Male) |
| 1:07 | Create | Villager (Male) |
| 1:20 | Build | Mill |
| 2:29 | Build | House |
| 3:21 | Build | Barracks |
| 3:48 | Create | Villager (Male) |
| 4:19 | Research | Feudal Age |
| 4:24 | Build | House |
| 6:06 | Build | Lumber Camp |
| 6:26 | Research | Wheelbarrow |
| 6:33 | Create | Villager (Male) |
| 6:33 | Create | Villager (Male) |
| 6:33 | Create | Villager (Male) |
| 6:34 | Create | Villager (Male) |
| 6:34 | Create | Villager (Male) |
| 6:34 | Create | Villager (Male) |
| 6:35 | Create | Villager (Male) |
| 6:36 | Create | Villager (Male) |
| 7:13 | Research | Double-Bit Axe |
| 7:17 | Research | Horse Collar |
| 8:34 | Build | Farm |
| 8:35 | Build | Farm |
| 8:37 | Build | Farm |
| 8:38 | Build | Farm |
| 8:41 | Build | Farm |
| 8:42 | Build | Farm |
| 8:44 | Build | Farm |
| 8:45 | Build | Farm |
| 8:46 | Build | Farm |
| 8:50 | Build | Farm |
| 8:52 | Build | Farm |
| 8:54 | Build | Farm |
| 9:39 | Build | Blacksmith |
| 10:20 | Create | Villager (Male) |
| 10:21 | Create | Villager (Male) |
| 10:41 | Build | Market |
| 11:19 | Create | Villager (Male) |
| 11:20 | Create | Villager (Male) |
| 12:35 | Create | Villager (Male) |
| 12:50 | Research | Castle Age |
| 13:11 | Build | Lumber Camp |
| 15:29 | Research | Hand Cart |
| 15:36 | Create | Villager (Male) |
| 15:36 | Create | Villager (Male) |
| 15:36 | Create | Villager (Male) |
| 15:37 | Create | Villager (Male) |
| 15:37 | Create | Villager (Male) |
| 16:05 | Build | Town Center |
| 16:44 | Research | Heavy Plow |
| 16:48 | Research | Bow Saw |
| 17:08 | Build | Town Center |
| 17:17 | Create | Villager (Male) |
| 17:17 | Create | Villager (Male) |
| 17:18 | Create | Villager (Male) |
| 17:18 | Create | Villager (Male) |
| 17:18 | Create | Villager (Male) |
| 17:19 | Create | Villager (Male) |
| 17:19 | Create | Villager (Male) |
| 17:54 | Build | House |
| 17:55 | Build | House |
| 17:57 | Build | House |
| 17:59 | Build | House |
| 18:00 | Build | House |
| 18:01 | Build | House |
| 18:03 | Build | House |
| 18:05 | Build | House |
| 18:06 | Build | House |
| 18:22 | Build | Farm |
| 18:26 | Build | Farm |
| 18:27 | Build | Farm |
| 18:29 | Build | Farm |
| 18:30 | Build | Farm |
| 18:33 | Build | Farm |
| 18:34 | Build | Farm |
| 18:36 | Build | Farm |
| 18:38 | Build | Farm |
| 18:39 | Build | Farm |
| 18:41 | Build | Farm |
| 18:43 | Build | Farm |
| 18:44 | Build | Farm |
| 18:46 | Build | Farm |
| 18:49 | Create | Villager (Male) |
| 18:50 | Create | Villager (Male) |
| 18:50 | Create | Villager (Male) |
| 18:50 | Create | Villager (Male) |
| 18:51 | Create | Villager (Male) |
| 18:51 | Create | Villager (Male) |
| 18:51 | Create | Villager (Male) |
| 18:57 | Create | Villager (Male) |
| 18:57 | Create | Villager (Male) |
| 19:54 | Build | Market |
| 20:31 | Create | Villager (Male) |
| 20:32 | Create | Villager (Male) |
| 20:32 | Create | Villager (Male) |
| 20:32 | Create | Villager (Male) |
| 20:32 | Create | Villager (Male) |
| 20:33 | Create | Villager (Male) |
| 20:33 | Create | Villager (Male) |
| 20:33 | Create | Villager (Male) |
| 20:33 | Create | Villager (Male) |
| 20:34 | Create | Villager (Male) |
| 20:34 | Create | Villager (Male) |
| 20:51 | Build | Farm |
| 20:52 | Build | Farm |
| 20:54 | Build | Farm |
| 20:55 | Build | Farm |
| 20:57 | Build | Farm |
| 20:59 | Build | Farm |
| 21:01 | Build | Farm |
| 21:03 | Build | Farm |
| 21:04 | Build | Farm |
| 21:07 | Build | Farm |
| 21:10 | Build | Farm |
| 21:11 | Build | Farm |
| 21:13 | Build | Farm |
| 21:30 | Create | Villager (Male) |
| 21:30 | Create | Villager (Male) |
| 21:30 | Create | Villager (Male) |
| 21:31 | Create | Villager (Male) |
| 21:31 | Create | Villager (Male) |
| 21:32 | Create | Villager (Male) |
| 21:32 | Create | Villager (Male) |
| 21:32 | Create | Villager (Male) |
| 21:32 | Create | Villager (Male) |
| 21:33 | Create | Villager (Male) |
| 21:33 | Create | Villager (Male) |
| 21:33 | Create | Villager (Male) |
| 21:43 | Create | Villager (Male) |
| 21:44 | Create | Villager (Male) |
| 21:44 | Create | Villager (Male) |
| 21:44 | Create | Villager (Male) |
| 22:04 | Build | Mining Camp |
| 23:18 | Research | Gold Mining |
| 23:19 | Research | Stone Mining |
| 23:55 | Create | Villager (Male) |
| 24:08 | Create | Villager (Male) |
| 24:08 | Create | Villager (Male) |
| 24:09 | Create | Villager (Male) |
| 24:09 | Create | Villager (Male) |
| 24:10 | Create | Villager (Male) |
| 24:10 | Create | Villager (Male) |
| 24:10 | Create | Villager (Male) |
| 24:34 | Create | Villager (Male) |
| 24:34 | Create | Villager (Male) |
| 24:35 | Create | Villager (Male) |
Build order — White666
First 150 of 607 actions detected
| 0:03 | Create | Villager (Male) |
| 0:04 | Create | Villager (Male) |
| 0:04 | Create | Villager (Male) |
| 0:04 | Create | Villager (Male) |
| 0:05 | Create | Villager (Male) |
| 0:05 | Create | Villager (Male) |
| 0:36 | Build | House |
| 0:37 | Build | House |
| 0:38 | Build | House |
| 0:39 | Build | House |
| 0:40 | Build | House |
| 0:41 | Build | House |
| 2:33 | Research | Loom |
| 2:33 | Create | Villager (Male) |
| 2:33 | Create | Villager (Male) |
| 2:34 | Create | Villager (Male) |
| 2:34 | Create | Villager (Male) |
| 2:35 | Create | Villager (Male) |
| 2:35 | Create | Villager (Male) |
| 2:35 | Create | Villager (Male) |
| 2:36 | Create | Villager (Male) |
| 2:36 | Create | Villager (Male) |
| 2:58 | Build | House |
| 2:59 | Build | House |
| 3:02 | Build | House |
| 3:03 | Build | House |
| 3:04 | Build | House |
| 3:05 | Build | House |
| 3:06 | Build | House |
| 3:08 | Build | House |
| 3:24 | Build | Lumber Camp |
| 3:31 | Build | Mill |
| 4:34 | Research | Feudal Age |
| 5:57 | Build | Lumber Camp |
| 6:48 | Age | Feudal Age |
| 6:58 | Research | Wheelbarrow |
| 7:01 | Research | Horse Collar |
| 7:04 | Research | Double-Bit Axe |
| 7:16 | Create | Villager (Male) ×4 |
| 8:43 | Build | Mining Camp |
| 9:38 | Build | Market |
| 9:40 | Build | Market |
| 9:44 | Build | Market |
| 10:05 | Build | Blacksmith |
| 10:11 | Create | Villager (Male) |
| 10:11 | Create | Villager (Male) |
| 10:11 | Create | Villager (Male) |
| 10:25 | Build | Farm |
| 10:25 | Build | Farm |
| 10:26 | Build | Farm |
| 10:26 | Build | Farm |
| 10:26 | Build | Farm |
| 10:27 | Build | Farm |
| 10:27 | Build | Farm |
| 10:28 | Build | Farm |
| 10:43 | Build | Mining Camp |
| 10:46 | Research | Gold Mining |
| 10:46 | Research | Stone Mining |
| 11:30 | Create | Villager (Male) |
| 11:45 | Research | Castle Age |
| 13:36 | Build | House |
| 13:38 | Build | House |
| 13:39 | Build | House |
| 13:41 | Build | House |
| 13:43 | Build | House |
| 13:44 | Build | House |
| 13:46 | Build | House |
| 13:47 | Build | House |
| 13:48 | Build | House |
| 13:49 | Build | House |
| 13:54 | Build | Lumber Camp |
| 14:35 | Age | Castle Age |
| 14:39 | Build | Town Center |
| 14:44 | Build | Town Center |
| 15:07 | Build | Town Center |
| 15:17 | Build | Farm |
| 15:18 | Build | Farm |
| 15:19 | Build | Farm |
| 15:39 | Create | Villager (Male) ×5 |
| 15:45 | Create | Villager (Male) ×5 |
| 16:50 | Create | Villager (Male) ×5 |
| 17:07 | Research | Bow Saw |
| 17:28 | Research | Town Watch |
| 17:39 | Create | Villager (Male) |
| 17:39 | Create | Villager (Male) |
| 17:42 | Create | Villager (Male) |
| 17:42 | Create | Villager (Male) |
| 17:42 | Create | Villager (Male) |
| 18:00 | Create | Villager (Male) |
| 18:00 | Create | Villager (Male) |
| 18:00 | Create | Villager (Male) |
| 18:01 | Create | Villager (Male) |
| 18:09 | Build | Farm |
| 18:10 | Build | Farm |
| 18:13 | Build | Farm |
| 18:15 | Build | Farm |
| 18:17 | Build | Farm |
| 18:29 | Build | Farm |
| 18:30 | Build | Farm |
| 18:32 | Build | Farm |
| 18:36 | Build | Farm |
| 18:38 | Build | Farm |
| 18:41 | Create | Villager (Male) |
| 18:45 | Create | Villager (Male) |
| 19:02 | Research | Nomads |
| 19:23 | Build | Lumber Camp |
| 19:58 | Research | Heavy Plow |
| 20:01 | Research | Gold Shaft Mining |
| 20:06 | Research | Stone Shaft Mining |
| 20:16 | Build | Monastery |
| 20:34 | Create | Villager (Male) |
| 20:35 | Create | Villager (Male) |
| 20:46 | Create | Monk |
| 21:33 | Research | Hand Cart |
| 21:38 | Build | Farm |
| 21:39 | Build | Farm |
| 21:40 | Build | Farm |
| 21:42 | Build | Farm |
| 21:43 | Build | Farm |
| 21:44 | Build | Farm |
| 21:45 | Build | Farm |
| 21:47 | Build | Farm |
| 21:48 | Build | Farm |
| 21:50 | Build | Farm |
| 21:51 | Build | Farm |
| 21:53 | Build | Farm |
| 21:54 | Build | Farm |
| 21:55 | Build | Farm |
| 21:57 | Build | Farm |
| 22:09 | Create | Villager (Male) |
| 22:09 | Create | Villager (Male) |
| 22:10 | Create | Villager (Male) |
| 22:10 | Create | Villager (Male) |
| 22:11 | Create | Villager (Male) |
| 22:11 | Create | Villager (Male) |
| 22:11 | Create | Villager (Male) |
| 22:12 | Create | Villager (Male) |
| 22:12 | Create | Villager (Male) |
| 22:14 | Create | Villager (Male) |
| 22:14 | Create | Villager (Male) |
| 22:32 | Create | Villager (Male) |
| 22:47 | Create | Villager (Male) |
| 22:50 | Create | Villager (Male) |
| 22:54 | Build | Farm |
| 22:55 | Build | Farm |
| 22:55 | Build | Farm |
| 23:18 | Build | Farm |
| 23:21 | Build | Farm |
| 23:22 | Build | Farm |
| 23:23 | Build | Farm |
Build order — KING BERTZNASH
First 150 of 853 actions detected
| 0:35 | Build | House |
| 1:54 | Build | Mill |
| 2:19 | Build | Mining Camp |
| 2:32 | Build | Mining Camp |
| 2:49 | Build | Lumber Camp |
| 3:19 | Research | Feudal Age |
| 3:57 | Research | Loom |
| 4:09 | Build | Barracks |
| 5:28 | Build | Farm |
| 5:29 | Age | Feudal Age |
| 5:38 | Research | Wheelbarrow |
| 5:44 | Research | Double-Bit Axe |
| 5:49 | Research | Arson |
| 5:55 | Create | Villager (Male) |
| 5:56 | Create | Villager (Male) |
| 5:56 | Create | Villager (Male) |
| 6:30 | Research | Gold Mining |
| 6:42 | Research | Horse Collar |
| 7:03 | Create | Villager (Male) |
| 7:27 | Build | Farm |
| 8:20 | Build | Farm |
| 8:45 | Create | Villager (Male) |
| 8:45 | Create | Villager (Male) |
| 8:49 | Create | Villager (Male) |
| 8:50 | Create | Villager (Male) |
| 8:51 | Create | Villager (Male) |
| 9:08 | Build | Farm |
| 9:17 | Create | Militia |
| 9:17 | Create | Militia |
| 9:34 | Create | Villager (Male) |
| 9:48 | Build | Farm |
| 10:34 | Create | Villager (Male) |
| 10:34 | Create | Villager (Male) |
| 10:43 | Build | Farm |
| 11:44 | Build | Farm |
| 12:00 | Create | Villager (Male) |
| 12:00 | Create | Villager (Male) |
| 12:00 | Create | Villager (Male) |
| 12:21 | Build | Archery Range |
| 12:56 | Build | Farm |
| 13:04 | Build | Farm |
| 13:13 | Build | Farm |
| 13:22 | Build | Farm |
| 13:49 | Build | Farm |
| 13:54 | Create | Villager (Male) |
| 13:54 | Create | Villager (Male) |
| 14:05 | Build | Stable |
| 14:19 | Research | Stone Mining |
| 14:50 | Build | House |
| 14:52 | Build | House |
| 14:54 | Build | House |
| 14:55 | Build | House |
| 14:57 | Build | House |
| 14:59 | Build | House |
| 15:01 | Build | House |
| 15:02 | Build | House |
| 15:17 | Research | Castle Age |
| 15:47 | Build | Market |
| 16:48 | Research | Bloodlines |
| 17:40 | Build | Lumber Camp |
| 17:57 | Age | Castle Age |
| 18:12 | Build | Castle |
| 18:33 | Research | Hand Cart |
| 18:35 | Create | Villager (Male) |
| 18:35 | Create | Villager (Male) |
| 18:48 | Research | Stirrups |
| 19:01 | Create | Villager (Male) |
| 19:29 | Build | Farm |
| 19:45 | Create | Villager (Male) |
| 19:45 | Create | Villager (Male) |
| 19:57 | Create | Knight |
| 19:57 | Create | Knight |
| 20:22 | Create | Trade Cart |
| 20:22 | Create | Trade Cart |
| 20:31 | Build | Farm |
| 20:44 | Build | Farm |
| 21:15 | Build | Farm |
| 21:26 | Build | Town Center |
| 21:44 | Build | Farm |
| 22:37 | Build | Castle |
| 22:47 | Research | Stone Shaft Mining |
| 22:49 | Research | Gold Shaft Mining |
| 22:56 | Research | Heavy Plow |
| 23:13 | Create | Villager (Male) |
| 23:13 | Create | Villager (Male) |
| 23:13 | Create | Villager (Male) |
| 23:15 | Create | Villager (Male) |
| 23:27 | Research | Caravan |
| 23:30 | Create | Trade Cart |
| 24:27 | Research | Bow Saw |
| 24:42 | Create | Cavalry Archer |
| 24:42 | Create | Cavalry Archer |
| 25:10 | Build | Mining Camp |
| 25:49 | Research | Gambesons |
| 25:50 | Research | Squires |
| 26:24 | Build | House |
| 26:27 | Build | House |
| 26:29 | Build | House |
| 26:31 | Build | House |
| 26:33 | Build | House |
| 26:45 | Create | Konnik |
| 26:45 | Create | Konnik |
| 26:47 | Create | Konnik |
| 26:54 | Create | Konnik |
| 26:55 | Create | Konnik |
| 26:55 | Create | Konnik |
| 27:06 | Research | Coinage |
| 27:08 | Create | Trade Cart |
| 27:09 | Create | Trade Cart |
| 27:11 | Create | Trade Cart |
| 27:50 | Build | Lumber Camp |
| 28:51 | Build | Castle |
| 29:18 | Build | Mining Camp |
| 30:21 | Research | Pikeman (upgrade) |
| 31:00 | Research | Imperial Age |
| 31:15 | Create | Militia |
| 31:15 | Create | Militia |
| 31:20 | Research | Thumb Ring |
| 32:21 | Build | Krepost |
| 32:32 | Research | Husbandry |
| 32:33 | Research | Light Cavalry (upgrade) |
| 32:37 | Research | Elite Skirmisher (upgrade) |
| 32:44 | Create | Militia |
| 32:44 | Create | Militia |
| 32:45 | Create | Spearman |
| 32:45 | Create | Spearman |
| 32:45 | Create | Spearman |
| 32:46 | Create | Spearman |
| 32:49 | Create | Spearman |
| 32:49 | Create | Spearman |
| 33:05 | Create | Villager (Male) |
| 33:06 | Create | Villager (Male) |
| 33:06 | Create | Villager (Male) |
| 33:06 | Create | Villager (Male) |
| 33:07 | Create | Villager (Male) |
| 33:27 | Build | House |
| 33:30 | Build | House |
| 33:33 | Build | House |
| 33:35 | Build | House |
| 33:38 | Build | House |
| 33:39 | Build | House |
| 33:45 | Build | House |
| 33:47 | Build | House |
| 33:49 | Build | House |
| 33:51 | Build | House |
| 33:52 | Build | House |
| 33:54 | Build | House |
| 34:08 | Build | Farm |
| 34:10 | Age | Imperial Age |
| 34:19 | Build | Stable |
Build order — Altarios
First 150 of 1018 actions detected
| 0:09 | Create | Villager (Male) |
| 0:10 | Create | Villager (Male) |
| 0:10 | Create | Villager (Male) |
| 0:10 | Create | Villager (Male) |
| 0:11 | Create | Villager (Male) |
| 0:50 | Build | Lumber Camp |
| 1:13 | Build | House |
| 1:18 | Build | House |
| 2:48 | Build | Mill |
| 2:53 | Create | Villager (Male) |
| 2:54 | Create | Villager (Male) |
| 2:54 | Create | Villager (Male) |
| 2:55 | Create | Villager (Male) |
| 4:53 | Create | Villager (Male) |
| 4:54 | Create | Villager (Male) |
| 4:54 | Create | Villager (Male) |
| 5:14 | Build | House |
| 5:15 | Build | House |
| 5:16 | Build | House |
| 5:42 | Research | Feudal Age |
| 6:52 | Build | Barracks |
| 7:35 | Build | Mining Camp |
| 8:18 | Age | Feudal Age |
| 8:24 | Create | Villager (Male) |
| 8:24 | Create | Villager (Male) |
| 8:24 | Create | Villager (Male) |
| 8:25 | Create | Villager (Male) |
| 8:28 | Research | Double-Bit Axe |
| 8:31 | Research | Horse Collar |
| 8:45 | Build | Blacksmith |
| 8:57 | Build | Market |
| 9:20 | Build | Archery Range |
| 9:28 | Build | Stable |
| 9:36 | Create | Villager (Male) |
| 9:36 | Create | Villager (Male) |
| 10:01 | Research | Castle Age |
| 10:33 | Build | Mining Camp |
| 11:55 | Build | Mining Camp |
| 12:02 | Create | Trade Cart |
| 12:03 | Create | Trade Cart |
| 12:03 | Create | Trade Cart |
| 12:03 | Create | Trade Cart |
| 12:44 | Research | Loom |
| 13:34 | Age | Castle Age |
| 13:55 | Build | Market |
| 14:07 | Research | Caravan |
| 14:16 | Create | Villager (Male) |
| 14:17 | Create | Villager (Male) |
| 14:17 | Create | Villager (Male) |
| 14:17 | Create | Villager (Male) |
| 14:18 | Create | Villager (Male) |
| 14:18 | Create | Villager (Male) |
| 14:44 | Build | Town Center |
| 14:59 | Build | Town Center |
| 15:21 | Build | Town Center |
| 15:32 | Build | House |
| 15:33 | Build | House |
| 15:34 | Build | House |
| 15:37 | Build | House |
| 15:38 | Build | House |
| 15:40 | Build | House |
| 15:42 | Build | House |
| 15:43 | Build | House |
| 15:44 | Build | House |
| 15:45 | Build | House |
| 15:52 | Create | Villager (Male) |
| 15:52 | Create | Villager (Male) |
| 15:52 | Create | Villager (Male) |
| 16:25 | Build | Farm |
| 16:26 | Build | Farm |
| 16:29 | Build | Farm |
| 16:31 | Build | Farm |
| 16:35 | Build | Farm |
| 16:37 | Build | Farm |
| 16:40 | Build | Farm |
| 16:48 | Create | Villager (Male) |
| 16:48 | Create | Villager (Male) |
| 17:18 | Build | Farm |
| 17:20 | Build | Farm |
| 17:22 | Build | Farm |
| 17:24 | Build | Farm |
| 17:27 | Build | Farm |
| 17:29 | Build | Farm |
| 17:31 | Build | Farm |
| 17:34 | Build | Farm |
| 17:37 | Build | Farm |
| 17:50 | Create | Villager (Male) |
| 17:51 | Create | Villager (Male) |
| 17:51 | Create | Villager (Male) |
| 18:12 | Build | Farm |
| 18:27 | Create | Villager (Male) |
| 18:37 | Create | Villager (Male) |
| 18:46 | Build | Farm |
| 18:48 | Build | Farm |
| 18:56 | Create | Villager (Male) |
| 18:56 | Create | Villager (Male) |
| 18:57 | Create | Villager (Male) |
| 19:33 | Build | Monastery |
| 19:42 | Build | Farm |
| 19:51 | Build | Farm |
| 20:03 | Build | Farm |
| 20:11 | Build | Farm |
| 20:19 | Build | Farm |
| 20:28 | Create | Monk |
| 20:41 | Build | University |
| 20:49 | Build | Farm |
| 20:52 | Create | Villager (Male) |
| 20:52 | Create | Villager (Male) |
| 20:52 | Create | Villager (Male) |
| 20:56 | Create | Villager (Male) |
| 20:57 | Create | Villager (Male) |
| 20:57 | Create | Villager (Male) |
| 20:58 | Create | Villager (Male) |
| 20:58 | Create | Villager (Male) |
| 21:02 | Create | Villager (Male) |
| 21:02 | Create | Villager (Male) |
| 21:03 | Create | Villager (Male) |
| 21:03 | Create | Villager (Male) |
| 21:03 | Create | Villager (Male) |
| 21:04 | Create | Villager (Male) |
| 21:10 | Create | Villager (Male) |
| 21:31 | Create | Trade Cart |
| 21:31 | Create | Trade Cart |
| 21:33 | Create | Trade Cart |
| 21:49 | Build | Farm |
| 21:55 | Build | Farm |
| 22:04 | Build | Farm |
| 22:07 | Build | Farm |
| 22:26 | Build | Farm |
| 22:28 | Build | Farm |
| 22:31 | Build | Farm |
| 22:50 | Build | Farm |
| 22:52 | Build | Farm |
| 23:34 | Research | Heavy Plow |
| 23:39 | Research | Bow Saw |
| 23:49 | Create | Villager (Male) |
| 23:50 | Create | Villager (Male) |
| 23:50 | Create | Villager (Male) |
| 23:50 | Create | Villager (Male) |
| 23:51 | Create | Villager (Male) |
| 23:51 | Create | Villager (Male) |
| 23:52 | Create | Villager (Male) |
| 23:52 | Create | Villager (Male) |
| 23:56 | Create | Villager (Male) |
| 23:56 | Create | Villager (Male) |
| 23:57 | Create | Villager (Male) |
| 23:57 | Create | Villager (Male) |
| 23:57 | Create | Villager (Male) |
| 23:58 | Create | Villager (Male) |
| 23:58 | Create | Villager (Male) |
Match timeline
| 3:21 | Sonjano007 · first_building Barracks |
| 4:09 | KING BERTZNASH · first_building Barracks |
| 5:07 | z-xX-Future-Xx-z · first_building Barracks |
| 5:29 | KING BERTZNASH · age_up feudal |
| 6:48 | White666 · age_up feudal |
| 6:52 | Altarios · first_building Barracks |
| 8:18 | Altarios · age_up feudal |
| 9:20 | Altarios · first_building Archery Range |
| 9:28 | Altarios · first_building Stable |
| 12:21 | KING BERTZNASH · first_building Archery Range |
| 13:34 | Altarios · age_up castle |
| 14:05 | KING BERTZNASH · first_building Stable |
| 14:35 | White666 · age_up castle |
| 15:33 | z-xX-Future-Xx-z · first_building Archery Range |
| 16:55 | z-xX-Future-Xx-z · first_building Stable |
| 17:57 | KING BERTZNASH · age_up castle |
| 18:12 | KING BERTZNASH · first_building Castle |
| 19:33 | Altarios · first_building Monastery |
| 20:16 | White666 · first_building Monastery |
| 21:42 | z-xX-Future-Xx-z · wall_segment Stone Wall x69 |
| 21:53 | z-xX-Future-Xx-z · wall_segment Stone Wall x21 |
| 21:57 | z-xX-Future-Xx-z · wall_segment Stone Wall x20 |
| 22:34 | Nanobeast9523 · wall_segment Stone Wall x36 |
| 22:44 | Nanobeast9523 · wall_segment Stone Wall x13 |
| 23:51 | Nanobeast9523 · first_building Monastery |
| 25:06 | z-xX-Future-Xx-z · first_building Castle |
| 26:41 | Nanobeast9523 · wall_segment Stone Wall x27 |
| 26:58 | Nanobeast9523 · wall_segment Stone Wall x65 |
| 27:25 | White666 · first_building Barracks |
| 28:20 | z-xX-Future-Xx-z · first_building Monastery |
| 29:38 | White666 · age_up imperial |
| 31:09 | White666 · first_building Archery Range |
| 31:12 | White666 · first_building Stable |
| 32:21 | KING BERTZNASH · first_building Krepost |
| 33:26 | Altarios · age_up imperial |
| 33:47 | White666 · wall_segment Stone Wall x2 |
| 34:01 | White666 · wall_segment Stone Wall x2 |
| 34:10 | KING BERTZNASH · age_up imperial |
| 34:15 | White666 · wall_segment Stone Wall x110 |
| 35:31 | White666 · first_building Castle |
| 35:52 | Sonjano007 · first_building Monastery |
| 35:52 | White666 · first_building Siege Workshop |
| 37:11 | Sonjano007 · first_building Castle |
| 37:36 | KING BERTZNASH · first_building Monastery |
| 38:48 | z-xX-Future-Xx-z · wall_segment Stone Wall x103 |
| 38:56 | Nanobeast9523 · wall_segment Stone Wall x25 |
| 39:10 | Nanobeast9523 · wall_segment Stone Wall x62 |
| 39:57 | KING BERTZNASH · first_building Siege Workshop |
| 40:12 | Sonjano007 · wall_segment Stone Wall x1 |
| 40:47 | Sonjano007 · wall_segment Stone Wall x74 |
| 41:45 | Nanobeast9523 · wall_segment Stone Wall x12 |
| 42:06 | White666 · wall_segment Stone Wall x1 |
| 43:15 | Nanobeast9523 · first_building Castle |
| 45:34 | KING BERTZNASH · wall_segment Stone Wall x16 |
| 45:58 | KING BERTZNASH · wall_segment Stone Wall x5 |
| 46:02 | Nanobeast9523 · wall_segment Stone Wall x7 |
| 46:27 | Altarios · first_building Siege Workshop |
| 47:24 | Nanobeast9523 · wall_segment Stone Wall x48 |
| 48:22 | Sonjano007 · first_market_buy 100 stone |
| 48:33 | Nanobeast9523 · wall_segment Stone Wall x16 |
| 48:43 | Nanobeast9523 · wall_segment Stone Wall x37 |
| 48:48 | Nanobeast9523 · wall_segment Stone Wall x8 |
| 49:02 | z-xX-Future-Xx-z · first_building Siege Workshop |
| 49:30 | White666 · wall_segment Stone Wall x81 |
| 49:40 | White666 · wall_segment Stone Wall x27 |
| 49:43 | White666 · wall_segment Stone Wall x4 |
| 49:47 | White666 · wall_segment Stone Wall x7 |
| 49:56 | KING BERTZNASH · wall_segment Stone Wall x31 |
| 49:58 | White666 · wall_segment Stone Wall x11 |
| 50:02 | White666 · wall_segment Stone Wall x6 |
| 51:17 | KING BERTZNASH · wall_segment Stone Wall x10 |
| 51:26 | KING BERTZNASH · wall_segment Stone Wall x6 |
| 51:27 | Sonjano007 · first_building Siege Workshop |
| 53:41 | KING BERTZNASH · wall_segment Stone Wall x29 |
| 55:21 | Nanobeast9523 · first_building Barracks |
| 55:57 | Nanobeast9523 · first_building Siege Workshop |
| 58:28 | Nanobeast9523 · wall_segment Stone Wall x7 |
| 59:25 | Nanobeast9523 · first_building Archery Range |
| 59:46 | Nanobeast9523 · first_building Stable |
| 65:32 | Altarios · first_building Castle |
| 65:58 | White666 · first_market_sell 500 food |
| 66:57 | Nanobeast9523 · first_market_sell 500 food |
| 78:39 | Nanobeast9523 · wall_segment Stone Wall x11 |
| 78:56 | Nanobeast9523 · first_market_buy 100 stone |
| 79:31 | Nanobeast9523 · wall_segment Stone Wall x4 |
| 85:19 | Altarios · resign |
| 86:17 | Nanobeast9523 · wall_segment Stone Wall x8 |
[ AI ANALYSIS · 1 CREDIT ]
What really happened in this match?
Wolo.gg analyzes every decision: build order, eco, micro, common mistakes by bracket. Personalized analysis on WhatsApp or Discord in 30 seconds.
Civ guide
Persians
Map guide
Michi
Perfil
z-xX-Future-Xx-z